 Dungeon Crawl Stone Soup version 0.25-a0-842-g81a31cf (webtiles) character file.

Game seed: 3126698832520100582, levelgen mode: deterministic

39 BlueFish the Skirmisher (level 3, -9/34 HPs)
             Began as a Minotaur Fighter on Apr 24, 2020.
             Killed by divine providence
             ... invoked by an orc priest
              (15 damage)
             ... on level 2 of the Dungeon.
             The game lasted 00:01:16 (762 turns).

BlueFish the Skirmisher (Minotaur Fighter)           Turns: 762, Time: 00:01:16

Health: -9/34      AC:  7    Str: 20    XL:     3   Next: 28%
Magic:  2/2        EV:  9    Int: 10    God:
Gold:   77         SH:  0    Dex: 10    Spells: 2/2 levels left

rFire    . . .     SeeInvis .   a - +0 long sword
rCold    . . .     Gourm    .   (no shield)
rNeg     . . .     Faith    .   b - +0 scale mail
rPois    .         Spirit   .   (helmet restricted)
rElec    .         Reflect  .   (no cloak)
rCorr    .         Harm     .   (no gloves)
MR       .....                  (no boots)
Stlth    ..........             (no amulet)
HPRegen  0.11/turn              k - +5 ring of intelligence
MPRegen  0.08/turn              (no ring)

@: no status effects
A: retaliatory headbutt, horns 2
a: no special abilities


You were on level 2 of the Dungeon.
You were not hungry.

You visited 1 branch of the dungeon, and saw 2 of its levels.

You collected 77 gold pieces.

Inventory:

Hand Weapons
 a - a +0 long sword (weapon)
Armour
 b - a +0 scale mail (worn)
 c - a +0 kite shield
Jewellery
 k - a +5 ring of intelligence (left hand)
Scrolls
 e - a scroll of remove curse
Potions
 d - a potion of might
 h - a potion of ambrosia {unknown}
 i - 3 potions of curing {unknown}
 l - a potion of haste {unknown}
Comestibles
 f - 3 rations


   Skills:
 * Level 4.4 Fighting
 * Level 2.8 Long Blades
 * Level 4.0 Armour
 + Level 4.1 Shields


You had 2 spell levels left.
You didn't know any spells.
Your spell library was empty.

Dungeon Overview and Level Annotations

Branches:
Dungeon (2/15)

Altars:


Innate Abilities, Weirdness & Mutations

You reflexively headbutt those who attack you in melee.
You have a pair of horns on your head.


Message History

The orc priest is severely wounded.
The orc hits you but does no damage. The goblin barely misses you.
You furiously retaliate!
You headbutt the goblin.
You kill the goblin!
You closely miss the orc priest.
The orc priest is severely wounded.
The orc hits you.
* * * LOW HITPOINT WARNING * * *
The orc priest closely misses you. The orc hits you but does no damage.
The orc hits you.
* * * LOW HITPOINT WARNING * * *
You hit the orc priest. Your headbutt misses the orc priest.
The orc priest is severely wounded.
The orc priest miscasts a cantrip.
The orc closely misses you. You furiously retaliate!
You headbutt the orc.
You kill the orc!
The orc hits you but does no damage.
The orc priest mumbles some strange prayers to Beogh against you.
Beogh smites you!
You die...

#.# #.# ########## #.# ..#.......
#(# #.#....... . #.# #.#.......
...###<#################.#.......
...)..............).....)........
##############..)................
#.....o@#####.#.........
#.....)o# #.#......... #.......#
#.#..####### #.......# #.#...
#.......# #.#.... .........
......>. #.......# #.###....
#.......# . ..... # ......


You could see an orc priest and an orc.

Vanquished Creatures
  An ooze (D:2)
  2 dart slugs (D:1)
  An orc (D:2)
  5 bats
  A giant cockroach (D:2)
  4 goblins
  6 hobgoblins (D:1)
  A ball python (D:2)
  A frilled lizard (D:1)
  4 kobolds (D:1)
  3 rats (D:1)
29 creatures vanquished.

Notes
Turn   | Place    | Note
-------+----------+-------------------------------------------
     0 | D:1      | BlueFish the Minotaur Fighter began the quest for the Orb.
     0 | D:1      | Reached XP level 1. HP: 19/19 MP: 0/0
    99 | D:1      | Reached XP level 2. HP: 19/27 MP: 1/1
   736 | D:2      | Reached XP level 3. HP: 34/34 MP: 2/2
   762 | D:2      | Killed from afar by an orc priest

Levels and vault maps discovered:
D:1:      noname_arrival_rooms_in_the_neighbourhood, layout_loops_ring
D:2:      layout_basic, chequers_ecumenical_altar_twisty, uniq_robin,
          uniq_sigmund

Skill      XL: |  1  2  3 |
---------------+----------+-----
Fighting       | 4 |  4.4
Shields        | 4 |  4.1
Armour         | 4 |  4.0
Long Blades    | |  2.8

Action                   || total
-------------------------++-------
Melee: Long sword        ||    55
       Headbutt          ||     3
  Use: Scroll            ||     2
Armor: Scale mail        ||    32
Dodge: Dodged            ||    35
       Rpst.: Long sword ||    12

Table legend:
 A = Non-vault XP
 B = Vault XP
 C = Vault XP percentage of total XP
 D = Non-vault monster count
 E = Vault monster count
 F = Vault count percentage of total count
                 A         B        C        D         E       F
            +---------+---------+-------+---------+---------+-------
      Total |      57 |       0 |   0.0 |      29 |       0 |   0.0
            +---------+---------+-------+---------+---------+-------
        D:1 |      40 |       0 |   0.0 |      22 |       0 |   0.0
        D:2 |      17 |       0 |   0.0 |       7 |       0 |   0.0
            +---------+---------+-------+---------+---------+-------
